 Dungeon Crawl Stone Soup version 0.20-a0-640-g62ed22f (webtiles) character file.

59 polly the Slasher (level 3, -2/28 HPs)
             Began as a Demonspawn Gladiator on Feb 13, 2017.
             Slain by Crazy Yiuf
             ... wielding a +4 quarterstaff of chaos
              (20 damage)
             ... on level 2 of the Dungeon.
             The game lasted 00:01:47 (1486 turns).

polly the Slasher (Demonspawn Gladiator)            Turns: 1486, Time: 00:01:50

Health: -2/28      AC:  9    Str: 15    XL:     3   Next: 78%
Magic:  0/3        EV:  7    Int: 14    God:
Gold:   162        SH:  0    Dex: 14    Spells: 2/2 levels left

rFire    . . .     SeeInvis .   a - +0 long sword
rCold    . . .     Gourm    .   m - +0 chain mail
rNeg     . . .     Faith    .   (no shield)
rPois    .         Spirit   +   c - +0 helmet
rElec    .         Reflect  .   (no cloak)
rCorr    .         Harm     .   (no gloves)
MR       .....                  (no boots)
Stlth    ..........             (no amulet)
Regen    0.1/turn               (no ring)
MPRegen  0.1/turn               (no ring)

@: brilliant, slowed, very slow
A: magic shield
a: no special abilities


You were on level 2 of the Dungeon.
You were near starving.

You visited 1 branch of the dungeon, and saw 2 of its levels.

You collected 162 gold pieces.

Inventory:

Hand Weapons
 a - a +0 long sword (weapon)
Missiles
 d - 3 throwing nets (quivered)
Armour
 c - a +0 helmet (worn)
 m - a +0 chain mail (worn)
Wands
 l - a wand of polymorph (6/24)
Scrolls
 e - a scroll of immolation {unknown}
 g - 2 scrolls of remove curse {unknown}
 k - a scroll of enchant weapon {unknown}
Comestibles
 b - 2 meat rations
 f - 3 bread rations


   Skills:
 + Level 2.4 Fighting
 + Level 3.3 Long Blades
 + Level 2.1 Throwing
 + Level 0.3 Armour
 + Level 3.2 Dodging


You had 2 spell levels left.
You didn't know any spells.

Dungeon Overview and Level Annotations

Branches:
Dungeon (2/15)

Altars:
Sif Muna

Annotations:
D:2 Crazy Yiuf


Innate Abilities, Weirdness & Mutations

When hurt, damage is shared between your health and your magic reserves.


Message History

You hit Crazy Yiuf.
Crazy Yiuf is almost dead.
Crazy Yiuf cries, "You leg down broken song, no?"
Crazy Yiuf closely misses you.
Crazy Yiuf hits you with a quarterstaff of chaos.
Crazy Yiuf burns you.
You hit Crazy Yiuf but do no damage.
Crazy Yiuf is almost dead.
Crazy Yiuf hits you but does no damage.
Crazy Yiuf hits you with a quarterstaff of chaos.
You closely miss Crazy Yiuf.
Crazy Yiuf is almost dead.
Crazy Yiuf hits you with a quarterstaff of chaos.
Your chain mail prevents you from hitting Crazy Yiuf.
Crazy Yiuf is almost dead.
Crazy Yiuf flaps his cloak.
Crazy Yiuf hits you with a quarterstaff of chaos!
You are electrocuted!
Ouch! That really hurt!
You die...

<...##
#.......#
.##..###
#.......#
.##[...#
#########
.####..#####
..# #......#
##### ###
######.#
#)..# #.#
#...# #.#
#.g.# #.#
#@# #.# ♣.♣♣
#.# ♣♣.♣ #.#
♣.♣♣ #.#
♣♣.♣ #.#
♣♣.♣♣ #.#
♣♣.P.♣ #.#
♣P..P♣ #.#
#....#


You could see Crazy Yiuf.

Vanquished Creatures
  Terence (D:2)
  An adder (D:2)
  A dart slug (D:1)
  A leopard gecko (D:2)
  A giant cockroach (D:1)
  3 goblins (D:1)
  2 hobgoblins
  A quokka (D:2)
  A ball python (D:2)
  5 bats
  A frilled lizard (D:1)
  2 kobolds
  4 rats
  A toadstool (D:1)
25 creatures vanquished.

Vanquished Creatures (others)
  3 toadstools (D:1)
3 creatures vanquished.

Grand Total: 28 creatures vanquished

Notes
Turn   | Place    | Note
-------+----------+-------------------------------------------
     0 | D:1      | polly the Demonspawn Gladiator began the quest for the Orb.
     0 | D:1      | Reached XP level 1. HP: 16/16 MP: 1/1
   169 | D:1      | Gained mutation: When hurt, damage is shared between your health and your magic reserves. [demonic ancestry]
   169 | D:1      | Reached XP level 2. HP: 13/22 MP: 2/2
   733 | D:2      | Noticed Terence
   746 | D:2      | Killed Terence
   746 | D:2      | Reached XP level 3. HP: 28/28 MP: 3/3
  1168 | D:2      | Found a runed door.
  1348 | D:2      | Found a deep blue altar of Sif Muna.
  1469 | D:2      | Noticed Crazy Yiuf
  1486 | D:2      | Slain by Crazy Yiuf

Vault maps used:
D:1:      ldierk_water_garden, minmay_pentomino_x4
D:2:      lemuel_blue_sif_altar, uniq_terence, uniq_crazy_yiuf_cottage

Skill      XL: |  1  2 |
---------------+-------+-----
Throwing       | 2 |  2.1
Long Blades    | 3 |  3.3
Dodging        | 3 |  3.2
Fighting       | |  2.4
Armour         | |  0.3

Action                   || total
-------------------------++-------
Melee: Long sword        ||    95
  Use: Potion            ||     3
Armor: Leather armour    ||     7
       Skin              ||     6
       Chain mail        ||    23
Dodge: Dodged            ||    56
       Rpst.: Long sword ||    15
